 Dungeon Crawl Stone Soup version 0.27.1-4-g1640c2035a (webtiles) character file.

Game seed: 2464597421895014558

184 styxcanada the Sneak (level 5, -2/26 HPs)
             Began as a Spriggan Brigand on Nov 7, 2021.
             Slain by a gnoll (4 damage)
             ... on level 4 of the Dungeon.
             The game lasted 00:16:53 (3981 turns).

styxcanada the Sneak (Spriggan Brigand)             Turns: 3981, Time: 00:16:54

Health: -2/26      AC:  3    Str:  7    XL:     5   Next: 36%
Magic:  7/7        EV: 17    Int: 13    God:
Gold:   98         SH:  0    Dex: 17    Spells: 4/6 levels left

rFire    . . .     SeeInvis +   d - +0 short sword (venom)
rCold    . . .     Faith    .   (shield restricted)
rNeg     . . .     Spirit   .   b - +0 robe
rPois    .         Reflect  .   (helmet restricted)
rElec    .         Harm     .   c - +0 cloak
rCorr    .         Rampage  .   (gloves unavailable)
Will     .....                  (boots unavailable)
Stlth    ++++......             (no amulet)
HPRegen  0.08/turn              o - ring of wizardry
MPRegen  0.10/turn              (no ring)

@: very quick
A: very small, no large weapons, unfitting armour, see invisible, speed 3
a: no special abilities


You were on level 4 of the Dungeon.
You visited 1 branch of the dungeon, and saw 4 of its levels.

You collected 98 gold pieces.

Inventory:

Hand Weapons
 a - a +2 dagger
 d - a +0 short sword of venom (weapon)
 n - a +4 dagger
Missiles
 e - 2 curare-tipped darts (quivered)
 g - 7 poisoned darts
 h - 93 stones
 i - 37 sling bullets
Armour
 b - a +0 robe (worn)
 c - a +0 cloak (worn)
Magical Staves
 f - a staff of conjuration
Jewellery
 o - a ring of wizardry (left hand)
Scrolls
 p - a scroll of teleportation
 q - a scroll of blinking {unknown}
Potions
 j - a potion of heal wounds {unknown}
 k - a potion of lignification {unknown}
 m - a potion of ambrosia {unknown}


   Skills:
 * Level 2.0 Fighting
 + Level 3.0 Short Blades
 + Level 2.4 Throwing
 * Level 2.7 Dodging
 * Level 7.9 Stealth
 * Level 1.0 Spellcasting
 * Level 1.0 Hexes
 * Level 0.6 Ice Magic


You had 4 spell levels left.
You knew the following spells:

 Your Spells              Type           Power      Damage    Failure   Level
a - Ensorcelled Hibernat  Hex/Ice        4%         N/A       12%         2

Your spell library contained the following spells:

 Spells                   Type           Power      Damage    Failure   Level
 Corona                   Hex            3%         N/A       8%          1
 Tukima's Dance           Hex            3%         N/A       22%         3
 Inner Flame              Hex/Fire       1%         N/A       26%         3
 Cause Fear               Hex            1%         N/A       56%         4
 Discord                  Hex            1%         N/A       100%        8


Dungeon Overview and Level Annotations

Branches:
Dungeon (4/15)
 Temple: D:4-7

Altars:

Shops:
D:3 !


Innate Abilities, Weirdness & Mutations

You are very small and have problems with some larger weapons.
You are too small for most types of armour.
You have supernaturally acute eyesight. (SInv)
You cover ground extremely quickly. (Speed+++)


Message History

Found 25 sling bullets.
The hobgoblin shouts!
You see here a scroll labelled ZUCEIB KITU.
q - a scroll labelled ZUCEIB KITU You hit the hobgoblin.
The hobgoblin is poisoned.
The hobgoblin is lightly wounded.
The hobgoblin completely misses you.
You barely miss the hobgoblin.
The hobgoblin is lightly wounded.
The hobgoblin completely misses you.
You hit the hobgoblin but do no damage.
The hobgoblin looks as sick as possible!
The hobgoblin is heavily wounded.
The hobgoblin barely misses you.
You closely miss the hobgoblin.
The hobgoblin is severely wounded.
You kill the hobgoblin!
i - 37 sling bullets (gained 25)
As you read the scroll labelled DAQUF ICOSCHEC, it crumbles to dust.
You feel aware of your surroundings.
It was a scroll of magic mapping.
You open the door.
There is an open door here.
Found a stone staircase leading down. 4 gnolls come into view.
The gnoll shouts! x2
The gnoll shouts! x2
The gnoll completely misses you.
You closely miss the gnoll. The gnoll hits you with a +0 flail!
You barely miss the gnoll. You hit the gnoll.
The gnoll is poisoned.
The gnoll is moderately wounded.
The gnoll hits you with a +0 flail!
You hit the gnoll.
The gnoll is moderately wounded.
The gnoll hits you with a +0 flail.
* * * LOW HITPOINT WARNING * * *
You hit the gnoll but do no damage.
The gnoll looks as sick as possible!
The gnoll is severely wounded.
The gnoll hits you with a +0 flail.
You die...

#......................#
#.#............).......'
#.#......########......#
#.#.####.########......#
#.#>....................
#.######.########.......
#.# #.# #.......
#.######.# ##.#...#
#.#gggg@.# #.#...#
#.#.######*#######.#...#
#.#,*,,,,,,............#
#.#,*,*****#######.....#
#.#,*,* #.[...# #.#,*,*
#.....+ #.#,*,* #.#...#
#######.#,,,* #.#.###
#.......#**** #.#..##


You could see 4 gnolls.

Vanquished Creatures
  A hound (D:4)
  5 adders
  2 worms
  A dart slug (D:2)
  6 orcs
  11 ball pythons
  8 endoplasms
  4 giant cockroaches
  6 goblins
  6 hobgoblins
  8 jackals
  6 quokkas
  6 bats
  5 frilled lizards
  5 kobolds
  4 rats
84 creatures vanquished.

Notes
Turn   | Place    | Note
-------+----------+-------------------------------------------
     0 | D:1      | styxcanada the Spriggan Brigand began the quest for the
                  | Orb.
     0 | D:1      | Reached XP level 1. HP: 10/10 MP: 2/2
    99 | D:1      | Reached skill level 6 in Stealth
   140 | D:1      | Reached XP level 2. HP: 10/15 MP: 3/3
   697 | D:1      | Reached XP level 3. HP: 14/18 MP: 4/4
  1288 | D:2      | Reached skill level 7 in Stealth
  1876 | D:2      | Reached XP level 4. HP: 23/23 MP: 5/5
  1963 | D:2      | Learned a level 2 spell: Ensorcelled Hibernation
  2868 | D:3      | Found Ommeuv's Distillery.
  3020 | D:3      | Reached XP level 5. HP: 26/26 MP: 6/6
  3323 | D:3      | Found a faded altar of an unknown god.
  3591 | D:4      | Reached skill level 1 in Hexes
  3677 | D:4      | Reached skill level 1 in Spellcasting
  3981 | D:4      | Slain by a gnoll

Illustrated notes

Levels and vault maps discovered:
D:1:      minmay_arrival_diagonal_passages, layout_basic
D:2:      layout_basic, minmay_tiny_reverse_x
D:3:      layout_loops_ring, serial_shops, nicolae_shop_trees,
          ebering_ecumenical_altar_box
D:4:      layout_basic, sigmund_army

Skill      XL: |  1  2  3  4  5 |
---------------+----------------+-----
Stealth        | 6 7 |  7.9
Dodging        | 2 |  2.7
Fighting       | 2 |  2.0
Short Blades   | 3 |  3.0
Hexes          | 1 |  1.0
Spellcasting   | 1 |  1.0
Throwing       | |  2.4
Ice Magic      | |  0.6

Action                   |  1- 3 |  4- 6 || total
-------------------------+-------+-------++-------
Melee: Dagger            |   153 |    72 ||   225
       Short sword       |       |    10 ||    10
Throw: Dart              |    13 |    34 ||    47
       Stone             |     2 |       ||     2
  Use: Potion            |     1 |     1 ||     2
       Scroll            |       |     3 ||     3
 Stab: Distracted        |     1 |     2 ||     3
       Sleeping          |    16 |    12 ||    28
Armor: Robe              |    22 |     7 ||    29
Dodge: Dodged            |   125 |    44 ||   169
